 Dungeon Crawl Stone Soup version 0.29.0-7-g18a832c13a (webtiles) character file.

Game seed: 15505074742351340383

1754 ragingrage the Conjurer (level 8, -8/52 HPs)
             Began as a Demonspawn Fire Elementalist on Aug 31, 2022.
             Was a Follower of Vehumet.
             Mangled by an orc warlord
             ... wielding a +5 broad axe
              (32 damage)
             ... in a bailey.
             The game lasted 00:08:58 (9038 turns).

ragingrage the Conjurer (DsFE)                      Turns: 9038, Time: 00:08:58

Health: -8/52      AC:  5    Str:  9    XL:     8   Next: 78%
Magic:  6/16       EV: 16    Int: 19    God:    Vehumet [*.....]
Gold:   338        SH:  8    Dex: 13    Spells: 11/18 levels left

rFire   . . .      SeeInvis .   m - +2 mace (protect)
rCold   + . .      Faith    .   (no shield)
rNeg    . . .      Spirit   .   a - +0 robe
rPois   .          Reflect  .   (helmet restricted)
rElec   .          Harm     .   n - +0 cloak
rCorr   .          Rampage  .   z - +0 pair of gloves
Will    .....                   r - +0 pair of boots
Stlth   ++........              (no amulet)
HPRegen 0.17/turn               B - ring of protection from cold
MPRegen 0.15/turn               E - +4 ring of evasion

@: brilliant
A: horns 1, large bone plates 1, foul stench 1, condensation shield
a: Renounce Religion


You were in a bailey.
You worshipped Vehumet.
Vehumet was aware of your devotion.
You visited 2 branches of the dungeon, and saw 8 of its levels.
You also visited: Bailey.

You collected 353 gold pieces.
You spent 15 gold pieces at shops.

Inventory:

Hand Weapons
 m - a +2 mace of protection (weapon)
Missiles
 q - 2 curare-tipped darts (quivered)
 x - 3 silver boomerangs
 D - 12 poisoned darts
 I - 21 boomerangs
Armour
 a - a +0 robe (worn)
 n - a +0 cloak (worn)
 r - a +0 pair of boots (worn)
 z - a +0 pair of gloves (worn)
Jewellery
 g - a ring of protection from fire
 o - a ring of see invisible
 B - a ring of protection from cold (left hand)
 E - a +4 ring of evasion (right hand)
Wands
 s - a wand of flame (16)
 y - a wand of polymorph (3)
 F - a wand of charming (15)
Scrolls
 e - a scroll of amnesia {unknown}
 f - 3 scrolls of fog {unknown}
 h - 3 scrolls of identify
 k - 4 scrolls of enchant weapon {unknown}
 l - 2 scrolls of poison {unknown}
 u - a scroll of vulnerability {unknown}
 v - a scroll of teleportation
 w - a scroll of noise {unknown}
 A - 3 scrolls of fear {unknown}
 G - 2 scrolls of torment {unknown}
Potions
 b - a potion of magic
 c - 2 potions of curing
 d - a potion of haste {unknown}
 i - 3 potions of heal wounds
 j - a potion of lignification {unknown}
 p - 2 potions of brilliance
 t - a potion of mutation {unknown}
 C - a potion of flight {unknown}
 H - a potion of berserk rage
 J - a potion of cancellation


   Skills:
 - Level 1.7 Dodging
 - Level 1.7 Stealth
 + Level 5.9 Spellcasting
 + Level 6.7 Conjurations
 + Level 6.7 Fire Magic


You had 11 spell levels left.
You knew the following spells:

 Your Spells              Type           Power      Damage    Failure   Level
a - Foxfire               Conj/Fire      100%       2x1d9     1%          1
b - Scorch                Fire           92%        2d10      1%          2
c - Flame Wave            Conj/Fire      46%        2d12      7%          4

Your spell library contained the following spells:

 Spells                   Type           Power      Damage    Failure   Level
 Freeze                   Ice            32%        1d5       12%         1
 Conjure Flame            Conj/Fire      46%        6-21      2%          3
 Inner Flame              Hex/Fire       27%        N/A       9%          3
 Ensorcelled Hibernation  Hex/Ice        16%        N/A       17%         2
 Spider Form              Tmut/Pois      8%         N/A       34%         3
 Anguish                  Hex/Necr       4%         N/A       75%         4
 Summon Forest            Summ/Tloc      4%         N/A       97%         5
 Summon Mana Viper        Hex/Summ       8%         N/A       97%         5
 Summon Cactus Giant      Summ           4%         N/A       100%        6


Dungeon Overview and Level Annotations

Branches:
Dungeon (7/15)             Temple (1/1) D:7          Bailey (1/1)

Altars:
Fedhas
Vehumet

Shops:
D:4 *

Annotations:
D:5 2 runed translucent doors, SnakkuSnakku7's ghost, amateur TrCA


Innate Abilities, Weirdness & Mutations

You have a pair of small horns on your head.
You are partially covered in large bone plates. (SH +4)
You may rarely emit foul miasma when damaged in melee.
A meltable shield of frost defends you. (SH +4)


Message History

Casting: Scorch (safe; 1% risk of failure)
Confirm with . or Enter, or press ? or * to list all spells.
You feel a surge of power!
Flames lash the orc warlord.
The orc warlord is burned terribly!
The orc warlord is heavily wounded.
The orc warlord is engulfed in a cloud of scalding steam.
Casting: Scorch (safe; 1% risk of failure)
Confirm with . or Enter, or press ? or * to list all spells.
You feel a surge of power!
Flames lash the orc warlord.
The orc warlord is burned terribly!
The orc warlord is severely wounded.
Casting: Scorch (safe; 1% risk of failure)
Confirm with . or Enter, or press ? or * to list all spells.
You feel a surge of power!
Flames lash the orc warlord but do no damage.
Casting: Scorch (safe; 1% risk of failure)
Confirm with . or Enter, or press ? or * to list all spells.
You feel a surge of power!
Flames lash the orc warlord.
The orc warlord is severely wounded.
The orc warlord hits you with a +5 broad axe!
Casting: Scorch (safe; 1% risk of failure)
Confirm with . or Enter, or press ? or * to list all spells.
You feel a surge of power!
Flames lash the orc warlord.
The orc warlord is severely wounded.
The orc warlord is no longer moving slowly.
The orc warlord misses you.
Casting: Scorch (safe; 1% risk of failure)
Confirm with . or Enter, or press ? or * to list all spells.
You feel a surge of power!
Flames lash the orc warlord.
The orc warlord is burned terribly!
The orc warlord is severely wounded.
The orc warlord hits you with a +5 broad axe!
Casting: Scorch (safe; 1% risk of failure)
Confirm with . or Enter, or press ? or * to list all spells.
You feel a surge of power!
Flames lash the orc warlord.
The orc warlord is burned terribly!
The orc warlord is almost dead.
The orc warlord hits you with a +5 broad axe!!
Ouch! That really hurt!
You die...

##### ##### ##...## ##...##
##.....## ##.....##
##.......#######.......##
##..8..8...........8..8..##
#...........@)............#
#.........).o....)........#
#...8......#'''#......8...#
##...)..####~~)####......##
♣##.....#~~~~~(~~~#.....##♣
♣.##.)..#~.8..(8.~#....##.♣
♣♣..###)###.......###'###..♣♣
♣...~~~)#~~.8...8.~~#.~~~...♣
♣♣...~~~.#~.........~#.~~~...♣♣


You could see an orc warlord (very poisoned, combustible).

Vanquished Creatures
  A wyvern (D:5)
  5 orc warriors (Bailey)
  A black bear (D:6)
  A centaur (D:7)
  A phantom (D:7)
  2 necrophages
  A gnoll sergeant (D:6)
  3 scorpions (D:6)
  A killer bee (D:6)
  2 hounds
  5 orc priests
  2 iguanas
  3 adders (D:3)
  8 gnolls
  4 worms
  3 dart slugs
  19 orcs
  2 bats
  5 endoplasms
  3 giant cockroaches
  12 goblins
  10 hobgoblins
  2 jackals (D:4)
  22 kobolds
  3 quokkas
  9 ball pythons
  2 frilled lizards
  4 rats
136 creatures vanquished.

Vanquished Creatures (collateral kills)
  2 foxfires (D:1)
2 creatures vanquished.

Vanquished Creatures (others)
  604 foxfires
  4 withered plants (D:1)
608 creatures vanquished.

Grand Total: 746 creatures vanquished

Notes
Turn   | Place    | Note
-------+----------+-------------------------------------------
     0 | D:1      | ragingrage the Demonspawn Fire Elementalist began the quest
                  | for the Orb.
     0 | D:1      | Reached XP level 1. HP: 13/13 MP: 3/3
    46 | D:1      | Found a faded altar of an unknown god.
   458 | D:1      | Gained mutation: A meltable shield of frost defends you.
                  | (SH +4) [demonic ancestry]
   458 | D:1      | Reached XP level 2. HP: 18/19 MP: 1/5
   545 | D:1      | Learned a level 2 spell: Scorch
  1545 | D:2      | Gained mutation: You are partially covered in large bone
                  | plates. (SH +4) [demonic ancestry]
  1545 | D:2      | Reached XP level 3. HP: 24/24 MP: 3/6
  2917 | D:2      | You fall into a shaft and drop 1 floor!
  3294 | D:3      | Gained mutation: You have a pair of small horns on your
                  | head. [demonic ancestry]
  3294 | D:3      | Reached XP level 4. HP: 30/30 MP: 8/8
  4332 | D:4      | Reached XP level 5. HP: 19/35 MP: 4/9
  4688 | D:4      | Found Heojups's CLEARANCE SALE!.
  4705 | D:4      | Bought a scroll of teleportation for 15 gold pieces
  5482 | D:5      | Entered Level 5 of the Dungeon
  5499 | D:5      | Gained mutation: You may rarely emit foul miasma when
                  | damaged in melee. [demonic ancestry]
  5499 | D:5      | Reached XP level 6. HP: 39/41 MP: 4/11
  5558 | D:5      | Found a runed translucent door.
  5560 | D:5      | Noticed SnakkuSnakku7's ghost (amateur TrCA)
  5630 | D:5      | Found a runed translucent door.
  5845 | D:5      | Noticed a wyvern
  5850 | D:5      | Killed a wyvern
  6130 | D:5      | Reached XP level 7. HP: 34/46 MP: 7/13
  6597 | D:6      | Reached skill level 5 in Fire Magic
  6836 | D:6      | Reached skill level 5 in Spellcasting
  6836 | D:6      | Reached skill level 5 in Conjurations
  7564 | D:6      | Reached XP level 8. HP: 52/52 MP: 9/15
  7847 | D:7      | Found a staircase to the Ecumenical Temple.
  7858 | Temple   | Entered the Ecumenical Temple
  7878 | Temple   | Became a worshipper of Vehumet
  7915 | D:7      | Found a flagged portal.
  7993 | Bailey   | Entered a bailey
  8175 | Bailey   | Noticed an orc warlord
  8374 | Bailey   | Reached * piety under Vehumet
  8374 | Bailey   | Offered knowledge of Freeze by Vehumet.
  8585 | Bailey   | Found a runed translucent gate.
  8586 | Bailey   | Found a runed translucent gate.
  8587 | Bailey   | Found a runed translucent gate.
  9009 | Bailey   | Learned a level 4 spell: Flame Wave
  9038 | Bailey   | Mangled by an orc warlord

Illustrated notes

Levels and vault maps discovered:
D:1:      dpeg_arrival_rooms_c, layout_loops_ring,
          ebering_ecumenical_altar_petrified
D:2:      layout_loops_cross, minmay_misc_feat_chi, minmay_misc_feat_tiny
D:3:      layout_basic, nicolae_figureground_sparkle
D:4:      layout_loops_cross, nicolae_shop_clearance
D:5:      layout_gridville, ebering_ghost_sewer_f
D:6:      layout_gridville, serial_rivers, chequers_serial_rivers_small_3,
          chequers_serial_rivers_small_3, chequers_serial_rivers_marsh,
          chequers_serial_rivers_micro_d, chequers_serial_rivers_small_b,
          chequers_serial_rivers_micro_e
D:7:      kennysheep_seaside_town, layout_basic,
          minmay_temple_entry_statues_pillars, enter_bailey_5
Temple:   bh_familiar_temple
Bailey:   bailey_axe_bossmonster_kennysheep, bailey

Skill      XL: |  1  2  3  4  5  6  7  8 |
---------------+-------------------------+-----
Fire Magic     | 3 4 5 6 |  6.7
Conjurations   | 2 3 4 5 6 |  6.7
Spellcasting   | 3 4 5 |  5.9
Dodging        | |  1.7
Stealth        | |  1.7

Action                   |  1- 3 |  4- 6 |  7- 9 || total
-------------------------+-------+-------+-------++-------
Melee: Unarmed           |    13 |       |       ||    13
       Short sword       |    27 |       |       ||    27
       Dagger            |     5 |       |       ||     5
       Punch             |     1 |     1 |     2 ||     4
       Mace              |     2 |    35 |    48 ||    85
       Headbutt          |       |     3 |     8 ||    11
Throw: Dart              |       |       |     7 ||     7
 Cast: Foxfire           |   129 |    79 |   164 ||   372
       Scorch            |       |    22 |    26 ||    48
Evoke: Wand              |       |       |     1 ||     1
  Use: Scroll            |       |       |     4 ||     4
       Potion            |       |       |     1 ||     1
 Stab: Sleeping          |     3 |     2 |       ||     5
Armor: Robe              |     5 |    17 |    13 ||    35
Dodge: Dodged            |    30 |    22 |    58 ||   110
Block: Other             |    16 |    20 |    32 ||    68
